 Dungeon Crawl Stone Soup version 0.28-a0-794-gafe8c5f9e9 (webtiles) character file.

Game seed: 2131892676016034398

18161 kae the Convoker (level 12, -12/76 HPs)
             Began as a Tengu Summoner on Nov 5, 2021.
             Was an Initiate of Ashenzari.
             Mangled by Gastronok (22 damage)
             ... on level 10 of the Dungeon.
             The game lasted 00:14:17 (13400 turns).

kae the Convoker (Tengu Summoner)                  Turns: 13400, Time: 00:14:17

Health: -12/76     AC: 11    Str: 14    XL:     12   Next: 55%
Magic:  25/25      EV: 21    Int: 19    God:    Ashenzari [......]
Gold:   209        SH:  0    Dex: 17    Spells: 15/28 levels left

rFire   + . .      SeeInvis .   b - +7 rapier of Star-Bound Wisdom {vorpal, rElec, Elem, Comp} (curse)
rCold   . . .      Faith    .   (no shield)
rNeg    . . .      Spirit   .   d - +2 leather armour {rF+}
rPois   .          Reflect  .   (helmet restricted)
rElec   +          Harm     .   f - +0 cloak
rCorr   .          Rampage  .   k - +0 pair of gloves
Will    .....                   (boots unavailable)
Stlth   ++........              e - amulet of magic regeneration
HPRegen 0.22/turn               o - +6 ring of strength
MPRegen 0.44/turn               H - +4 ring of protection

@: flying quickly and evasively, quick
A: beak, talons 3, nimble flight
a: Renounce Religion, Curse Item, Shatter the Chains


You were on level 10 of the Dungeon.
You worshipped Ashenzari.
Ashenzari was noncommittal.
You visited 2 branches of the dungeon, and saw 11 of its levels.
You also visited: Sewer and Ossuary.

You collected 374 gold pieces.
You spent 165 gold pieces at shops.

Inventory:

Hand Weapons
 a - a +4 scythe of protection
 b - the cursed +7 rapier of Star-Bound Wisdom (weapon) {vorpal, rElec, Elem, Comp}
   (You found it on level 7 of the Dungeon)

   It inflicts extra damage upon your enemies.
   rElec:     It insulates you from electricity.
   It has a curse which improves the following skills: Elements: Fire Magic, Ice
   Magic, Air Magic and Earth Magic.
   Companions: Summonings and Necromancy.
 I - a +1 rapier of venom
Armour
 d - a +2 leather armour of fire resistance (worn)
 f - a +0 cloak (worn)
 k - a +0 pair of gloves (worn)
 l - a +0 robe
Jewellery
 e - an amulet of magic regeneration (around neck)
 g - an amulet of faith
 n - an amulet of reflection
 o - a +6 ring of strength (left hand)
 y - a ring of magical power
 C - a +4 ring of evasion
 H - a +4 ring of protection (right hand)
Wands
 B - a wand of paralysis (11)
 E - a wand of polymorph (24)
 K - a wand of flame (18)
 N - a wand of acid (7)
 O - a wand of iceblast (13)
Scrolls
 j - 3 scrolls of enchant weapon
 p - a scroll of vulnerability
 t - a scroll of fog
 u - a scroll of enchant armour {unknown}
 A - a scroll of magic mapping
 D - 3 scrolls of teleportation
 L - a scroll of blinking
Potions
 c - 12 potions of curing
 h - 4 potions of brilliance
 i - 2 potions of flight
 m - 3 potions of might
 q - 3 potions of haste
 r - 3 potions of degeneration
 s - a potion of attraction
 v - a potion of magic
 w - a potion of resistance
 x - 4 potions of invisibility
 z - 2 potions of cancellation
 F - 5 potions of berserk rage {unknown}
 G - 2 potions of lignification {unknown}
 J - 3 potions of heal wounds
 M - a potion of mutation {unknown}


   Skills:
 + Level 9.0 Fighting
 + Level 10.2 Dodging
 - Level 2.0 Stealth
 + Level 8.6 Spellcasting
 * Level 15.8(16.2) Summonings


You had 15 spell levels left.
You knew the following spells:

 Your Spells              Type           Power      Damage    Failure   Level
a - Summon Small Mammal   Summ           100%       N/A       0%          1
b - Call Imp              Summ           63%        N/A       1%          2
c - Call Canine Familiar  Summ           63%        N/A       1%          3
d - Summon Guardian Gole  Hex/Summ       39%        N/A       1%          3
e - Summon Lightning Spi  Summ/Air       39%        N/A       3%          4

Your spell library contained the following spells:

 Spells                   Type           Power      Damage    Failure   Level
 Static Discharge         Conj/Air       8%         N/A       16%         2
 Dispel Undead            Necr           8%         3d8       71%         4
 Sticky Flame             Conj/Fire      8%         2d3       71%         4
 Lightning Bolt           Conj/Air       4%         1d15      96%         5
 Dispersal                Tloc           4%         N/A       100%        6
 Disjunction              Tloc           4%         N/A       100%        8
 Maxwell's Capacitive Co  Air            4%         ∞         100%        8


Dungeon Overview and Level Annotations

Branches:
Dungeon (10/15)            Temple (1/1) D:7            Lair (0/6) D:8
  Sewer (visited)         Ossuary (visited)
    Orc: D:9-12

Altars:
Ashenzari
Cheibriados
Dithmenos
Elyvilon
Fedhas
Gozag
Hepliaklqana
Kikubaaqudgha
Makhleb
Nemelex Xobeh
Okawaru
Qazlal
Ru
Sif Muna
Trog
Uskayaw
Vehumet
Wu Jian
Xom
Yredelemnul
Zin
The Shining One
Lugonu

Shops:
D:1 [   D:6 **   D:8 ?

Annotations:
D:7 2 transporters, Tribosh's ghost, novice TrMo
D:10 exclusion: two-headed ogre, Gastronok


Innate Abilities, Weirdness & Mutations

You have a beak for a mouth.
You have claws for feet.
Your magical nature lets you fly swiftly and evasively.


Message History

Maggie hits you with a +0 war axe!
Maggie hits your lightning spire with a +0 war axe.
You hit Maggie. You claw Maggie.
You are no longer entranced.
You kill Maggie!
Your lightning spire shoots out a bolt of lightning at Gastronok!
The bolt of electricity hits Gastronok!
Things that are here:
a +0 war axe; +1 swamp dragon scales You puncture Gastronok!
Gastronok is lightly wounded.
Gastronok bites you!!
Your lightning spire shoots out a bolt of lightning at Gastronok!
The bolt of electricity hits Gastronok! x2
Your lightning spire cannot move out of your way!
You hit Gastronok but do no damage. You peck Gastronok.
Gastronok is moderately wounded.
Your lightning spire shoots out a bolt of lightning at Gastronok!
The bolt of electricity hits Gastronok! x2
Gastronok bites your lightning spire but does no damage.
You puncture Gastronok! You claw Gastronok, but do no damage.
You peck Gastronok.
Gastronok is severely wounded.
You puncture Gastronok! You claw Gastronok.
Gastronok is severely wounded.
Gastronok barely misses you.
You hit Gastronok. You claw Gastronok!
Gastronok is severely wounded.
You puncture Gastronok!
Gastronok is almost dead.
Gastronok waves his eye-stalks in wide circles.
The air twists around and strikes you!!
* * * LOW HITPOINT WARNING * * *
You hit Gastronok but do no damage. You claw Gastronok.
Your peck misses Gastronok.
Gastronok is almost dead.
Your lightning spire disappears in a puff of smoke!
Gastronok gurgles, "I'll eat you, I will!"
Gastronok bites you!!
You die...

#.# #.........
#.# #.########
#.# #.#
#.###### #.#
#......# #.#
######.# #.#
#.# #.#
#.############
#.#
#.....h9@§...#
###
#########w.###
≈# ##.# ⌠.@
#.# .... #†#
..[..
#@#..w...
#.w......
#########


You could see Gastronok (swift, ally target), a friendly guardian golem
(summoned) and a friendly wolf (summoned, sheltered).

Vanquished Creatures
  Erolcha (D:10)
  Maggie (D:10)
  Prince Ribbit (D:9)
  4 yaks
  A wraith (Ossuary)
  A steam dragon (D:7)
  2 water moccasins (D:7)
  A sky beast (D:6)
  A black bear (D:8)
  A necrophage (D:5)
  A wolf (D:8)
  A centaur (D:10)
  A phantom (D:4)
  2 kobold brigands
  A wyvern zombie (D:7)
  A bullfrog (D:8)
  3 scorpions
  2 water moccasin skeletons
  4 killer bees
  2 wights (D:6)
  A howler monkey (D:5)
  3 hounds
  2 orc priests
  An iguana (D:5)
  Jessica (D:3)
  5 orc wizards
  A hound skeleton (D:5)
  2 mummies (Ossuary)
  A howler monkey skeleton (D:6)
  4 adders
  4 river rats
  2 shadow imps (D:6)
  An ufetubus (D:6)
  A worm (D:5)
  12 orcs
  4 endoplasms (D:1)
  2 giant cockroaches
  5 goblins
  3 hobgoblins
  4 quokkas
  6 ball pythons
  3 bats
  5 frilled lizards
  3 goblin zombies (Ossuary)
  2 hobgoblin zombies (Ossuary)
  14 kobolds
  5 kobold zombies (Ossuary)
  12 rats
141 creatures vanquished.

Vanquished Creatures (collateral kills)
  Harold (D:8)
  Erica (D:9)
  Nergalle (D:10)
  2 gargoyles
  A komodo dragon (D:8)
  Sigmund (D:5)
  9 yaks
  Eustachio (D:4)
  A wyvern (D:9)
  A steam dragon (D:8)
  2 vampire mosquitoes (D:10)
  3 sky beasts
  A black bear (D:8)
  An orc warrior (D:9)
  A necrophage (D:5)
  An ogre (D:7)
  2 wolves (D:8)
  2 centaurs
  5 bullfrogs
  A wyvern zombie (D:6)
  2 scorpions
  A wyvern skeleton (D:6)
  A water moccasin skeleton (D:6)
  5 killer bees
  A wight (D:6)
  2 howler monkeys (D:6)
  3 centaur zombies
  A bullfrog zombie (D:6)
  2 hounds
  A bullfrog skeleton (D:5)
  2 centaur skeletons
  An iguana (D:7)
  3 orc wizards
  A killer bee zombie (D:8)
  A mummy (Ossuary)
  4 adders
  3 river rats
  3 worms
  10 orcs
  7 ball pythons
  4 bats
  4 endoplasms
  5 giant cockroaches
  A goblin (D:2)
  A hobgoblin (D:2)
  A quokka (D:2)
  A hobgoblin zombie (Ossuary)
  15 kobolds
  11 rats
135 creatures vanquished.

Vanquished Creatures (others)
  A yak (D:8)
  Grum (D:8)
  2 vampire mosquitoes (D:10)
  A wolf (D:8)
  A centaur (D:8)
  39 fungi (D:8)
  48 plants (D:8)
93 creatures vanquished.

Grand Total: 369 creatures vanquished

Notes
Turn   | Place    | Note
-------+----------+-------------------------------------------
     0 | D:1      | kae the Tengu Summoner began the quest for the Orb.
     0 | D:1      | Reached XP level 1. HP: 10/10 MP: 4/4
    45 | D:1      | Reached skill level 5 in Summonings
    47 | D:1      | Reached XP level 2. HP: 13/16 MP: 4/6
   636 | D:1      | Found Akhoutos's Antique Armour Shoppe.
  1044 | D:1      | Reached XP level 3. HP: 20/20 MP: 5/7
  1432 | D:1      | Learned a level 2 spell: Call Imp
  1436 | D:1      | Learned a level 3 spell: Call Canine Familiar
  1490 | D:2      | Reached skill level 1 in Fighting
  2726 | D:3      | Found a stormy altar of Qazlal.
  2830 | D:3      | Noticed an air elemental
  2906 | D:3      | Reached XP level 4. HP: 15/25 MP: 5/8
  3170 | D:3      | Noticed Jessica
  3180 | D:3      | Killed Jessica
  3223 | D:3      | Noticed an earth elemental
  3227 | D:3      | Noticed a fire elemental
  3227 | D:3      | Noticed a water elemental
  3526 | D:3      | Reached skill level 6 in Summonings
  3995 | D:3      | Found an opulent altar of Gozag.
  4017 | D:3      | Gained mutation: Your magical nature lets you fly swiftly
                  | and evasively. [Tengu growth]
  4017 | D:3      | Reached XP level 5. HP: 30/30 MP: 7/9
  4084 | D:4      | Found a glowing drain.
  4101 | D:4      | Found a sand-covered staircase.
  4113 | Ossuary  | Entered an ossuary
  4113 | Ossuary  | Noticed a wraith
  4113 | Ossuary  | Noticed a wraith
  4113 | Ossuary  | Noticed a wraith
  4516 | Ossuary  | Noticed a wraith
  4527 | Ossuary  | Killed a wraith
  4528 | Ossuary  | Reached XP level 6. HP: 30/36 MP: 11/11
  4599 | Sewer    | Entered a sewer
  4621 | Sewer    | Reached skill level 7 in Summonings
  4954 | Sewer    | Reached XP level 7. HP: 12/40 MP: 10/13
  5560 | D:4      | Found a bloodstained altar of Trog.
  5630 | D:4      | Found a hide-covered altar of Uskayaw.
  5762 | D:4      | Found a shimmering altar of Xom.
  5828 | D:4      | Noticed Eustachio
  5848 | D:4      | Killed Eustachio
  5849 | D:4      | Reached skill level 8 in Summonings
  6405 | D:4      | Noticed a wyvern
  6582 | D:5      | Entered Level 5 of the Dungeon
  6588 | D:5      | Reached XP level 8. HP: 48/48 MP: 12/15
  6876 | D:5      | Reached skill level 5 in Dodging
  7105 | D:5      | Noticed Sigmund
  7114 | D:5      | Killed Sigmund
  7115 | D:5      | Reached skill level 9 in Summonings
  7120 | D:5      | Found a sparkling altar of Nemelex Xobeh.
  7122 | D:5      | Found an ancient bone altar of Kikubaaqudgha.
  7342 | D:6      | Found a white marble altar of Elyvilon.
  7412 | D:6      | HP: 1/48 [shadow imp/nerve-wracking pain (12)]
  7426 | D:6      | Reached XP level 9. HP: 7/52 MP: 17/17
  7796 | D:6      | Found a glowing silver altar of Zin.
  7796 | D:6      | Noticed an angel
  7829 | D:6      | Reached skill level 10 in Summonings
  8062 | D:6      | Reached skill level 5 in Spellcasting
  8093 | D:6      | Reached skill level 5 in Fighting
  8107 | D:6      | Found a broken altar of Ashenzari.
  8186 | D:6      | Found Tuazyack's Specific Store.
  8188 | D:6      | Found Aficy's General Store.
  8192 | D:6      | Bought a scroll of identify for 20 gold pieces
  8192 | D:6      | Bought a scroll of enchant weapon for 75 gold pieces
  8266 | D:7      | Identified the +7 rapier of the Original Sin {vorpal,
                  | rElec}
  8443 | D:6      | Learned a level 3 spell: Summon Guardian Golem
  8448 | D:6      | Learned a level 4 spell: Summon Lightning Spire
  8560 | D:7      | Reached skill level 11 in Summonings
  8956 | D:7      | Found a transporter.
  8987 | D:7      | Noticed a moth of wrath
  9005 | D:7      | Found a transporter.
  9011 | D:7      | Noticed Tribosh's ghost (novice TrMo)
  9049 | D:7      | Found a staircase to the Ecumenical Temple.
  9111 | Temple   | Entered the Ecumenical Temple
  9291 | D:6      | Became a worshipper of Ashenzari the Shackled
  9369 | D:7      | You are sucked into a shaft and drop 2 floors!
  9437 | D:8      | Found an iron altar of Okawaru.
  9450 | D:8      | Found Xohieske's Magic Scroll Shoppe.
  9450 | D:8      | Noticed Grum
  9479 | D:8      | Reached XP level 10. HP: 17/60 MP: 19/19
  9504 | D:8      | Noticed Harold
  9543 | D:8      | Killed Grum
 10041 | D:8      | Reached skill level 12 in Summonings
 10181 | D:8      | Found a staircase to the Lair.
 10185 | D:8      | Killed Harold
 10396 | D:8      | Noticed a gargoyle
 10409 | D:8      | Killed a gargoyle
 10729 | D:8      | Reached skill level 13 in Summonings
 10811 | D:8      | Reached XP level 11. HP: 63/67 MP: 19/22
 10848 | D:8      | Bought a scroll of identify for 28 gold pieces
 10848 | D:8      | Bought a scroll of teleportation for 42 gold pieces
 11022 | D:8      | Reached skill level 14 in Summonings
 11022 | D:8      | Reached XP level 12. HP: 75/75 MP: 22/25
 11272 | D:9      | Found a snail-covered altar of Cheibriados.
 11496 | D:9      | Noticed Erica
 11531 | D:9      | Killed Erica
 11532 | D:9      | Reached skill level 15 in Summonings
 11565 | D:9      | Noticed Prince Ribbit
 11571 | D:9      | Killed Prince Ribbit
 12314 | D:10     | Entered Level 10 of the Dungeon
 12314 | D:10     | Noticed Erolcha
 12325 | D:10     | Killed Erolcha
 12586 | D:10     | Reached skill level 10 in Dodging
 12771 | D:10     | Found a blossoming altar of Fedhas.
 12807 | D:10     | Noticed Nergalle
 12833 | D:10     | Killed Nergalle
 13045 | D:10     | Noticed a two-headed ogre
 13372 | D:10     | Noticed Gastronok
 13372 | D:10     | Noticed Maggie
 13392 | D:10     | Killed Maggie
 13400 | D:10     | Mangled by Gastronok

Illustrated notes

Levels and vault maps discovered:
D:1:      saegor_arrival_simple_e, layout_loops_ring, serial_shops,
          nicolae_shop_overgrown_old_shop, kennysheep_boxes
D:2:      layout_rooms, grunt_ministairs_8, skrybe_limestone_x,
          dk_noncrumbling_2
D:3:      minmay_skewed_foursquare, layout_rooms,
          nicolae_qazlal_style_of_elements, mainiacjoe_overflow_catwalk,
          uniq_jessica
D:4:      layout_gridville, nicolae_uskayaw_murder_on_the_dancefloor,
          old_standard_altar, mainiacjoe_overflow_alcove_2,
          portal_sewer_entry_b, nicolae_ossuary_entry_plus,
          lightli_corner_chamber, uniq_eustachio
D:5:      layout_basic, chequers_temple_overflow_statue_of_worship, uniq_sigmund
D:6:      layout_rooms, mainiacjoe_overflow_tiny_flanked, zin_angel,
          cheibrodos_ashenzari_chains, nicolae_specific_store,
          supply_closet_lemuel
D:7:      layout_rooms, minmay_temple_entry_poolview,
          gammafunk_ghost_berserking_beasts, minmay_checkerbox
D:8:      layout_rooms, overflow_temple_1_default, due_lair_maze_entry_diamond,
          serial_shops, shop, uniq_harold, uniq_grum
D:9:      layout_basic, cheibriados_altar_1, kennysheep_doodads, uniq_erica,
          uniq_prince_ribbit1
D:10:     layout_loops_ring, overflow_temple_1_default, kennysheep_nub,
          uniq_erolcha, uniq_nergalle, uniq_gastronok, uniq_maggie
Temple:   kb_corrupted_temple

Skill      XL: |  1  2  3  4  5  6  7  8  9 10 11 12 |
---------------+-------------------------------------+-----
Summonings     | 5 6 7 8 9 11 13 14 15 | 15.8
Fighting       | 1 2 3 4 6 7 8 9 |  9.0
Dodging        | 3 4 5 7 8 9 10 | 10.2
Spellcasting   | 3 4 5 6 8 |  8.6
Stealth        | |  2.0

Action                   |  1- 3 |  4- 6 |  7- 9 | 10-12 || total
-------------------------+-------+-------+-------+-------++-------
Melee: Unarmed           |    96 |       |       |       ||    96
       Kick              |    25 |    45 |    52 |    46 ||   168
       Peck              |    19 |    21 |    32 |    27 ||    99
       Rapier            |    11 |   146 |   120 |   134 ||   411
       Scythe            |       |       |    52 |       ||    52
 Cast: Summon Small Mamm |    31 |    12 |     9 |     7 ||    59
       Call Imp          |    18 |    15 |    15 |     7 ||    55
       Call Canine Famil |       |    15 |    37 |    26 ||    78
       Summon Guardian G |       |       |     5 |    22 ||    27
       Summon Lightning  |       |       |       |    18 ||    18
Invok: Curse Item        |       |       |       |     1 ||     1
  Use: Scroll            |     3 |     8 |    15 |     5 ||    31
       Potion            |       |     1 |     2 |     5 ||     8
 Stab: Sleeping          |     5 |       |     2 |       ||     7
       Distracted        |       |     3 |     5 |     5 ||    13
Armor: Robe              |    40 |    30 |    20 |       ||    90
       Leather armour    |       |       |    42 |    49 ||    91
Dodge: Dodged            |   103 |   160 |   209 |   210 ||   682

Table legend: (Time is in decaauts)
 A = Elapsed time spent in this place.
 B = Non-inter-level travel time spent in this place.
 C = Inter-level travel time spent in this place.
 D = Time resting spent in this place.
 E = Time spent auto-exploring this place.
 F = Levels seen in this place.
 G = Mean time per level.
                   A        B        C        D        E       F      G
               +--------+--------+--------+--------+--------+-----+--------+
         Total |  13073 |  12643 |    430 |   1178 |   9028 |  13 | 1005.6 |
       Dungeon |  11646 |  11234 |    412 |   1178 |   7999 |  10 | 1164.6 |
        Temple |     99 |     81 |     18 |      0 |     68 |   1 |   99.0 |
         Sewer |    867 |    867 |      0 |      0 |    646 |   1 |  867.0 |
       Ossuary |    460 |    460 |      0 |      0 |    314 |   1 |  460.0 |
               +--------+--------+--------+--------+--------+-----+--------+

Top non-repeatable levels by time:
     D:7: 1474 daAuts
     D:1: 1402 daAuts
     D:3: 1339 daAuts
     D:2: 1322 daAuts
     D:9: 1190 daAuts
     D:6: 1127 daAuts
     D:4: 1113 daAuts
    D:10: 1025 daAuts
     D:8: 958 daAuts
   Sewer: 867 daAuts
     D:5: 692 daAuts
 Ossuary: 460 daAuts
  Temple: 99 daAuts
